cohdb
Replays
Latest Replays
All Replays
Popular Replays
Top Player Replays
Match Explorer
How It Works
Community
CoH3 Stats
Reddit
Sign in to upload your games and track your stats! →
Sign in with Steam
Match 40952883
Unlisted
Match 40952883
Overview
Messages
Build Orders
End
Panzergrenadier Squad
Selects Panzerjäger Kommand Battlegroup
Selects Mine Fields
Panzergrenadier Squad
Panzergrenadier Squad
Selects Mine Fields
Panzerpioneer Squad
Construct Light Support Kompanie
2.5-tonne Medical Truck
Fire Support Elements
Selects Tank Busters
Panzerjäger Mechanized Group
Combat Half-tracks
Selects Crew Shock Tactics
Veteran Squad Leaders
Selects Defensive Positions
Vehicle Survival Package
Construct Panzerarmee Kommand
Selects Butterfly Bomb Drop
Panzer III L Medium Tank
Emergency Repair Kits
Rapid Advance
Panzer III L Medium Tank
Butterfly Bomb Drop
Selects Anti-tank Overwatch
Panzer III L Medium Tank
Selects Anti-tank Overwatch
Kalazarr
LaDin2
JIANHU
TIAmoRoselia.
Vetkin
[EPIC]SAGEKING
Potato Ball Sack
ㅁㅁㅁㅁㅁ
0
0
Comments
sign in to comment!
No comments posted yet!